 Dungeon Crawl Stone Soup version 0.30-a0-782-ge64f9170bb (webtiles) character file.

Game seed: 11083215272821334954

253 tilp the Slasher (level 6, 0/52 HPs)
             Began as a Meteoran Fighter on Feb 21, 2023.
             Succumbed to an orc wizard's poison
             ... on level 4 of the Dungeon.
             The game lasted 00:05:23 (1148 turns).

tilp the Slasher (Meteoran Fighter)                 Turns: 1148, Time: 00:05:23

Health: 0/52       AC:  9    Str: 17    XL:     6   Next: 64%
Magic:  7/7        EV: 10    Int:  9    God:
Gold:   86         SH:  5    Dex: 17    Spells: 5/5 levels left

rFire   . . .      SeeInvis .    a - +0 long sword
rCold   . . .      Faith    .    c - +0 buckler
rNeg    . . .      Spirit   .    b - +0 scale mail
rPois   .          Reflect  .    e - +0 helmet
rElec   .          Harm     .    k - +0 cloak
rCorr   .          Rampage  .    (no gloves)
Will    .....                    (no boots) Stlth
                                 (no amulet)
HPRegen 0.28/turn                (no ring)
MPRegen 0.10/turn                (no ring)

@: brilliant, lethally poisoned (0 -> -16), attractive, glowing
A: sense surroundings 1, otherworldly, glowing, explore regen
a: no special abilities


You were on level 4 of the Dungeon.
You visited 1 branch of the dungeon, and saw 4 of its levels.

You collected 128 gold pieces.
You spent 42 gold pieces at shops.

Inventory:

Hand Weapons
 a - a +0 long sword (weapon)
 m - a +0 rapier
Missiles
 f - 22 stones (quivered)
 o - 11 poisoned darts
Armour
 b - a +0 scale mail (worn)
 c - a +0 buckler (worn)
 e - a +0 helmet (worn)
 k - a +0 cloak (worn)
Jewellery
 r - a ring of resist corrosion
Scrolls
 g - a scroll of magic mapping {unknown}
 i - a scroll of summoning {unknown}
 l - a scroll of amnesia {unknown}
 n - a scroll of noise {unknown}
 t - a scroll of teleportation
 u - a scroll of blinking {unknown}
Potions
 d - a potion of might
 h - a potion of magic
 s - a potion of degeneration {unknown}


   Skills:
 * Level 4.2 Fighting
 + Level 6.0 Long Blades
 + Level 0.6 Throwing
 + Level 3.9 Armour
 * Level 2.4 Dodging
 - Level 3.6 Shields


You had 5 spell levels left.
You didn't know any spells.
Your spell library was empty.

Dungeon Overview and Level Annotations

Branches:
Dungeon (4/15) Zot: 1206
 Temple: D:4-7

Altars:
Wu Jian

Shops:
D:3 [*(


Innate Abilities, Weirdness & Mutations

You passively map a small area around you.
You are easily found by Zot.
You glow in the dark.
You regain HP and MP as you explore.


Message History

You hear some strange, mumbled words.
You are confused.
You closely miss something. Something hits you.
You are poisoned.
You completely miss something.
You feel very sick. Something hits you but does no damage.
You're too confused to move!
You feel sick. Something hits you.
You are more poisoned.
You bump into the rock wall.
You feel very sick.
An orc wizard appears from thin air!
Reactivating autopickup.
The orc wizard hits you but does no damage.
You are more poisoned.
You slash the orc wizard!
The orc wizard is heavily wounded.
You feel very sick.
The orc wizard hits you but does no damage.
You are lethally poisoned!
You bump into the rock wall.
You feel less confused.
* * * LOW HITPOINT WARNING * * *
You feel very sick.
The orc wizard hits you but does no damage.
You are more poisoned.
You hit the orc wizard.
The orc wizard is almost dead.
* * * LOW HITPOINT WARNING * * *
You feel extremely sick.
The orc wizard hits you but does no damage.
You hit the orc wizard.
You kill the orc wizard!
* * * LOW HITPOINT WARNING * * *
You feel very sick. The scorpion closely misses you.
Unknown command.
It was a potion of brilliance.
You feel clever all of a sudden.
You die...

#######*
####.###.######. *
......., , #.# #........
, ....#..**
#.###.#.#####
.......*### #.....#.# .
#.... ..# #######.##
....#..##.##.# #.).#
.>....o)oo...# #...#
#.#.##.##s#### #...# , ,
...*#@# #...# ,####*#.#
#...# * ,
##.#########...#### ,
*#...##.............
......#.......[.........
.####....##.............
, , ,
#.#.#######......### *
#.#.# #.#....#
#.........# # ...,
#.#....#


You could see a scorpion, an orc priest and an orc.

Vanquished Creatures
  A phantom (D:4)
  A scorpion (D:4)
  An orc wizard (D:4)
  3 adders
  A worm (D:3)
  5 orcs
  4 bats
  9 endoplasms
  3 giant cockroaches
  4 goblins
  5 hobgoblins
  4 quokkas
  3 ball pythons
  2 frilled lizards
  6 kobolds
  6 rats
58 creatures vanquished.

Notes
Turn   | Place    | Note
-------+----------+-------------------------------------------
     0 | D:1      | tilp the Meteoran Fighter began the quest for the Orb.
     0 | D:1      | Reached XP level 1. HP: 19/19 MP: 2/2
    62 | D:1      | Reached XP level 2. HP: 26/26 MP: 3/3
    94 | D:1      | Reached skill level 3 in Long Blades
   236 | D:1      | Reached skill level 1 in Dodging
   270 | D:2      | Reached XP level 3. HP: 26/31 MP: 4/4
   425 | D:3      | Found Ajuxalul's Antique Armour Shop.
   541 | D:3      | Found Totwim's Antique Weapon Shop.
   556 | D:3      | Reached XP level 4. HP: 29/40 MP: 5/5
   569 | D:4      | Noticed a phantom
   674 | D:3      | Found Gait's General Store.
   681 | D:3      | Bought a scroll of teleportation for 42 gold pieces
   720 | D:3      | Reached skill level 4 in Long Blades
   756 | D:4      | Noticed a scorpion
   786 | D:3      | Found an ornate altar of the Wu Jian Council.
   957 | D:4      | Noticed a scorpion
   968 | D:4      | Killed a scorpion
   969 | D:4      | Reached skill level 5 in Long Blades
   969 | D:4      | Reached XP level 5. HP: 26/46 MP: 6/6
  1012 | D:4      | Killed a phantom
  1013 | D:4      | Reached skill level 6 in Long Blades
  1013 | D:4      | Reached XP level 6. HP: 35/52 MP: 7/7
  1148 | D:4      | Succumbed to an orc wizard's poison

Illustrated notes

Levels and vault maps discovered:
D:1:      minmay_arrival_stair_chambers, layout_basic
D:2:      layout_loops_ring, chequers_ecumenical_altar_simple
D:3:      layout_loops_ring, nzn_wu_jian_contemplation, serial_shops,
          shop_fountains, shop_statue, nicolae_diamond_shop
D:4:      layout_loops_cross, uniq_eustachio

Skill      XL: |  1  2  3  4  5 |
---------------+----------------+-----
Long Blades    | 3 5 6 |  6.0
Dodging        | 1 2 |  2.4
Fighting       | 4 |  4.2
Throwing       | |  0.6
Armour         | |  3.9
Shields        | |  3.6

Action                     |  1- 3 |  4- 6 || total
---------------------------+-------+-------++-------
  Melee: Long sword        |    86 |   104 ||   190
    Use: Scroll            |       |     2 ||     2
         Potion            |       |     3 ||     3
 Armour: Scale mail        |    64 |    44 ||   108
  Dodge: Dodged            |    39 |    39 ||    78
  Block: Buckler           |    18 |    22 ||    40

Table legend: (Time is in decaauts)
 A = Elapsed time spent in this place.
 B = Non-inter-level travel time spent in this place.
 C = Inter-level travel time spent in this place.
 D = Time resting spent in this place.
 E = Time spent auto-exploring this place.
 F = Levels seen in this place.
 G = Mean time per level.
                   A        B        C        D        E       F      G
               +--------+--------+--------+--------+--------+-----+--------+
         Total |   1194 |   1088 |    106 |      0 |      0 |   4 |  298.5 |
       Dungeon |   1194 |   1088 |    106 |      0 |      0 |   4 |  298.5 |
               +--------+--------+--------+--------+--------+-----+--------+

Top non-repeatable levels by time:
     D:3: 573 daAuts
     D:4: 245 daAuts
     D:2: 217 daAuts
     D:1: 157 daAuts
